 Dungeon Crawl Stone Soup version 0.30-a0-394-g3e4acdb0ae (webtiles) character file.

Game seed: 2233299113581051119

62 NinjaNoafa the Shooter (level 4, -2/35 HPs)
             Began as a Barachi Hunter on Dec 6, 2022.
             Slain by an adder (4 damage)
             ... on level 2 of the Dungeon.
             The game lasted 00:02:26 (1303 turns).

NinjaNoafa the Shooter (Barachi Hunter)             Turns: 1303, Time: 00:02:26

Health: -2/35      AC:  3    Str: 13    XL:     4   Next: 8%
Magic:  4/4        EV: 12    Int:  9    God:
Gold:   153        SH:  0    Dex: 17    Spells: 3/3 levels left

rFire   . . .      SeeInvis .    a - +0 shortbow
rCold   . . .      Faith    .    (shield currently unavailable)
rNeg    . . .      Spirit   .    c - +0 leather armour
rPois   .          Reflect  .    (no helmet)
rElec   .          Harm     .    d - scarf {repulsion}
rCorr   .          Rampage  .    (no gloves)
Will    .....                    (no boots)
Stlth   ++........               (no amulet)
HPRegen 0.25/turn                (no ring)
MPRegen 0.09/turn                (no ring)

@: mighty, lethally poisoned (-2 -> -5), unable to hop, repel missiles, slow
A: amphibious, slowness 1, strong legs 1, +LOS
a: Hop


You were on level 2 of the Dungeon.
You visited 1 branch of the dungeon, and saw 2 of its levels.

You collected 153 gold pieces.

Inventory:

Hand Weapons
 a - a +0 shortbow (weapon)
Missiles
 f - 24 stones
 n - 6 javelins
Armour
 c - a +0 leather armour (worn)
 d - a scarf of repulsion (worn)
Scrolls
 b - 2 scrolls of immolation
 e - 3 scrolls of identify {unknown}
 g - a scroll of blinking {unknown}
 h - a scroll of enchant weapon {unknown}
 i - 2 scrolls of teleportation {unknown}
 k - a scroll of amnesia {unknown}
 o - a scroll of fear {unknown}
Potions
 l - a potion of attraction {unknown}
 m - a potion of haste {unknown}
 p - a potion of cancellation {unknown}


   Skills:
 + Level 3.2 Fighting
 - Level 4.4 Ranged Weapons
 - Level 1.9 Armour
 - Level 3.0 Dodging
 - Level 0.8 Stealth


You had 3 spell levels left.
You didn't know any spells.
Your spell library was empty.

Dungeon Overview and Level Annotations

Branches:
Dungeon (2/15)

Altars:


Innate Abilities, Weirdness & Mutations

You are amphibious.
You cover ground slowly.
You can hop short distances.
You have an extended range of vision and can be seen from far away.


Message History

The adder bites you.
You are more poisoned.
The adder poisons you!
A jackal comes into view.
The frilled lizard barely misses you.
* * * LOW HITPOINT WARNING * * *
You feel very sick. The adder bites you but does no damage.
A jackal comes into view.
Fire: a) +0 shortbow
Press: ? - help, Q - select action, (/) - cycle Shift-Dir - straight line, f/p - adder
Aim: an adder (severely wounded, 46% to hit)
You shoot an arrow. The jackal barks!
The arrow hits the adder but does no damage.
The adder is severely wounded.
You feel sick.
You hear a bark!
The jackal bites you but does no damage.
The adder misses you.
The frilled lizard unfolds its giant frill.
The frilled lizard closely misses you. The jackal bites you.
* * * LOW HITPOINT WARNING * * *
Okay, then.
It was a potion of might.
You feel very mighty all of a sudden.
* * * LOW HITPOINT WARNING * * *
You feel sick. The adder bites you but does no damage.
The frilled lizard closely misses you. The jackal closely misses you.
The adder bites you.
* * * LOW HITPOINT WARNING * * *
Fire: a) +0 shortbow
Press: ? - help, Q - select action, (/) - cycle Shift-Dir - straight line, f/p - adder
Aim: an adder (severely wounded, 46% to hit)
You shoot an arrow. The arrow closely misses the adder.
The arrow hits the jackal.
The jackal is heavily wounded.
* * * LOW HITPOINT WARNING * * *
You feel sick. The frilled lizard closely misses you. The adder bites you.
You die...

##. #..†......†.# # ..
###.#######.# ## ##h# #.#
###.# ##. ##...###.# #...#
#.# ##..h.....# ##.### ##.
##..$....### ##..# ##
#......h..####...#######
+......Sl.+.............
#.....h@..##.#...###.###
##.......###.##..###.#..
##.....## #.###...#.#.#
##...## #.# ###.#.# ##+#
#.# #.#.# #.#
####.#####.#.# #.#
#......<.....#.#
#######.###.###.####.###..
........##.# #.# #.# ###


You could see an adder, 4 jackals and a frilled lizard.

Vanquished Creatures
  2 dart slugs (D:1)
  4 ball pythons (D:1)
  6 bats
  5 endoplasms
  4 giant cockroaches
  3 hobgoblins
  8 kobolds (D:1)
  4 quokkas
  3 frilled lizards (D:2)
  8 goblins
  2 rats
49 creatures vanquished.

Notes
Turn   | Place    | Note
-------+----------+-------------------------------------------
     0 | D:1      | NinjaNoafa the Barachi Hunter began the quest for the Orb.
     0 | D:1      | Reached XP level 1. HP: 17/17 MP: 1/1
    84 | D:1      | Reached XP level 2. HP: 23/23 MP: 2/2
   183 | D:1      | Reached skill level 1 in Armour
   324 | D:1      | Reached XP level 3. HP: 28/28 MP: 3/3
  1131 | D:2      | Reached XP level 4. HP: 35/35 MP: 4/4
  1303 | D:2      | Slain by an adder

Illustrated notes

Levels and vault maps discovered:
D:1:      dpeg_arrival_solitude, layout_loops_cross
D:2:      layout_loops_corners

Skill      XL: |  1  2  3 |
---------------+----------+-----
Armour         | 1 |  1.9
Fighting       | 3 |  3.2
Dodging        | 3 |  3.0
Ranged Weapons | |  4.4
Stealth        | |  0.8

Action                   |  1- 3 |  4- 6 || total
-------------------------+-------+-------++-------
 Fire: Shortbow          |   103 |    13 ||   116
 Abil: Hop               |     1 |     1 ||     2
  Use: Potion            |       |     1 ||     1
Armor: Leather armour    |    19 |     7 ||    26
Dodge: Dodged            |    40 |    13 ||    53
       Repelled          |     1 |       ||     1

Table legend: (Time is in decaauts)
 A = Elapsed time spent in this place.
 B = Non-inter-level travel time spent in this place.
 C = Inter-level travel time spent in this place.
 D = Time resting spent in this place.
 E = Time spent auto-exploring this place.
 F = Levels seen in this place.
 G = Mean time per level.
                   A        B        C        D        E       F      G
               +--------+--------+--------+--------+--------+-----+--------+
         Total |   1557 |   1526 |     31 |      0 |   1213 |   2 |  778.5 |
       Dungeon |   1557 |   1526 |     31 |      0 |   1213 |   2 |  778.5 |
               +--------+--------+--------+--------+--------+-----+--------+

Top non-repeatable levels by time:
     D:1: 867 daAuts
     D:2: 689 daAuts
